 Dungeon Crawl Stone Soup version 0.15-a0-1004-gbf4e2e6 (webtiles) character file.

3064580 E1999 the Destroyer (level 26, 213/218 HPs)
             Began as a Demonspawn Ice Elementalist on May 23, 2014.
             Was the Champion of Ashenzari.
             Escaped with the Orb
             ... and 5 runes on May 25, 2014!
             The game lasted 08:59:32 (72319 turns).

E1999 the Destroyer (Demonspawn Ice Elementalist)  Turns: 72319, Time: 08:59:32

HP 213/218       AC 26     Str 17      XL: 26   Next: 46%
MP  45/45        EV 26     Int 30      God: Ashenzari [******]
Gold 4772        SH 17     Dex 16      Spells: 14 memorised, 10 levels left

rFire  + . .     SeeInvis +     N - +6,+3 demon whip (freeze) (curse)
rCold  + + .     Clarity  +     B - +3 leather armour {MR+} (curse)
rNeg   + . .     Conserve +     b - +3 buckler {reflect}
rPois  .         rCorr    +     (helmet unavailable)
rElec  +         rRot     .     n - +2 cloak {rCorr, Cons}
SustAb .         Spirit   +     j - +1 pair of gloves "Zosot" {rC+}
rMut   +         Warding  .     V - +2 pair of boots {Stlth+} (curse)
Gourm  .         Rnd*Tele +     Q - amulet of resist mutation
MR     ++...                    k - cursed ring of the Evening {Contam +Rage rC+ rN+ SInv Stlth++}
                                O - ring of Robustness {AC+8}

@: repel missiles, mighty, brilliant, flying, very slightly contaminated,
hasted, very quick, very resistant to hostile enchantments, unstealthy
A: antennae 3, large bone plates 3, conserve scrolls, fire resistance 1, ignite
blood, electricity resistance, strong 1, teleportitis 1, augmentation 3, magic
shield, magic regeneration, magic link
a: Scrying, Transfer Knowledge, Renounce Religion, Evoke Berserk Rage
0: Orb of Zot
}: 5/15 runes: decaying, slimy, silver, abyssal, gossamer


You escaped.
You worshipped Ashenzari.
Ashenzari was exalted by your worship.
You were very full.

You visited 10 branches of the dungeon, and saw 61 of its levels.
You visited the Abyss 2 times.
You also visited: Trove, Bailey and Wizlab.

You collected 8367 gold pieces.
You spent 3595 gold pieces at shops.

Inventory:

Hand weapons
 N - a cursed +6,+3 demon whip of freezing (weapon)
Armour
 b - a +3 buckler of reflection (worn)
 j - the cursed +1 pair of gloves "Zosot" (worn) {rC+}
   (You found it on level 5 of the Realm of Zot)

   It protects you from cold.
   It has a curse placed upon it.
 n - a +2 cloak of preservation (worn)
 B - a cursed +3 leather armour of magic resistance (worn)
 V - a cursed +2 pair of boots of stealth (worn)
Magical devices
 g - a wand of disintegration (0)
 l - a wand of invisibility (5)
 K - a wand of teleportation (8)
 M - a wand of digging (3)
 P - a wand of hasting (3)
 T - a wand of teleportation (7)
 X - a wand of heal wounds (1)
Comestibles
 U - 4 royal jellies
Scrolls
 e - 3 scrolls of blinking
 o - 5 scrolls of fear
 p - 6 scrolls of fog
 r - a scroll of enchant armour
 A - 5 scrolls of vulnerability
 D - 4 scrolls of remove curse
 G - 2 scrolls of amnesia
 R - 8 scrolls of teleportation
 W - 15 scrolls of identify
Jewellery
 a - an uncursed ring of protection from fire
 f - the macabre finger necklace {Ward rN+}
   (You found it on level 3 of the Elven Halls)

   [amulet of warding]

   It may prevent the melee attacks of summoned creatures.
   It protects you from negative energy.
 k - the cursed ring of the Evening (right hand) {Contam +Rage rC+ rN+ SInv Stlth++}
   (You found it in a treasure trove)

   [ring of protection from cold]

   It protects you from cold.
   It protects you from negative energy.
   It enhances your eyesight.
   It lets you go berserk.
   It causes magical contamination when unequipped.
   It makes you much more stealthy.
   It has a curse placed upon it.
 v - an uncursed ring of protection from magic
 w - the ring of Satyriasis {rElec MR+}
   (You found it on level 6 of the Pits of Slime)

   [ring of protection from magic]

   It insulates you from electricity.
   It affects your resistance to hostile enchantments.
 x - an uncursed amulet of stasis
 y - the ring of Tiress {Fire rN+}
   (You found it on level 15 of the Dungeon)

   [ring of fire]

   It enhances your fire magic, and weakens your ice magic.
   It protects you from fire.
   It makes you vulnerable to cold.
   It protects you from negative energy.
 E - an uncursed ring of protection from cold
 H - the ring of Dithmenos' Envy {Str+3 Int+2 Regen}
   (You found it in a treasure trove)

   [ring of regeneration]

   It affects your strength (+3).
   It affects your intelligence (+2).
   It increases your rate of regeneration.
 O - the ring of Robustness (left hand) {AC+8}
   (You found it in a treasure trove)

   [ring of protection]

   It affects your AC (+8).
 Q - an amulet of resist mutation (around neck)
 Z - an uncursed ring of protection from fire
Potions
 m - 2 potions of curing
 q - 5 potions of might
 F - a potion of brilliance
 S - 3 potions of cure mutation
 Y - 2 potions of restore abilities
Miscellaneous
 c - a fan of gales
 s - a lamp of fire
 u - a disc of storms
 C - a legendary deck of changes {the Potion}
 I - a lamp of fire
 J - a phial of floods (inert)


   Skills:
 - Level 20.0 Fighting
 - Level 12.0(16.1) Maces & Flails
 - Level 3.5 Armour
 + Level 18.2(20.5) Dodging
 - Level 1.7(3.9) Stealth
 - Level 1.0 Shields
 - Level 18.1 Spellcasting
 - Level 20.0 Conjurations
 - Level 10.7 Charms
 - Level 5.0 Necromancy
 - Level 1.6 Translocations
 - Level 16.8 Ice Magic
 - Level 9.7 Air Magic
 - Level 3.1 Evocations


You had 10 spell levels left.
You knew the following spells:

 Your Spells              Type           Power        Failure   Level  Hunger
a - Throw Icicle          Conj/Ice       ########     0%          4    None
b - Ozocubu's Armour      Chrm/Ice       ########..   1%          3    None
c - Repel Missiles        Chrm/Air       ######       1%          2    None
d - Haste                 Chrm           ########     1%          6    #......
e - Flight                Chrm/Air       ########..   1%          3    None
f - Freezing Cloud        Conj/Ice/Air   ########..   1%          6    #......
g - Bolt of Cold          Conj/Ice       ########..   1%          6    #......
h - Control Teleport      Chrm/Tloc      ########..   1%          4    None
i - Animate Dead          Necr           N/A          1%          4    None
j - Apportation           Tloc           #######...   1%          1    None
k - Blink                 Tloc           N/A          1%          2    None
l - Orb of Destruction    Conj           #########.   1%          7    ####...
m - Summon Butterflies    Summ           #######.     1%          1    None
s - Cure Poison           Pois           #######...   1%          2    None


Dungeon Overview and Level Annotations

Branches:
Dungeon (15/15)            Temple (0/1) D:7             Orc (4/4) D:9
    Elf (3/3) Orc:4          Lair (8/8) D:10          Swamp (5/5) Lair:3
 Spider (5/5) Lair:5        Slime (6/6) Lair:7       Vaults (5/5) D:14
  Blade (0/1) Vaults:4      Crypt (0/3) Vaults:2        Zot (5/5) Depths:5
 Depths (5/5) D:15

Altars:
Ashenzari
Cheibriados
Elyvilon
Fedhas
Kikubaaqudgha
Makhleb
Okawaru
Qazlal
Sif Muna
Vehumet
Yredelemnul
The Shining One
Jiyva
Lugonu

Shops:
D:5 :   D:10 }   D:11 ?   Orc:4 **=[   Vaults:2 *

Portals:
Hell: Depths:1 Depths:2 Depths:3 Depths:4 Depths:5
Abyss: Depths:4
Pandemonium: Depths:3
Ziggurat: Depths:4

Annotations:
D:6 exclusion: oklob plant
D:10 1 exclusion
D:14 upstair vaults, exclusion: 2 upstairs
Lair:8 1 exclusion, mehrheit's ghost, powerful SpEn
Swamp:4 1 exclusion, Aizul; Louise
Vaults:4 exclusions: 3 doors and upstairs, Jorgrun
Depths:3 exclusion: downstairs
Depths:4 exclusions: downstairs and upstairs


Innate Abilities, Weirdness & Mutations

You have a pair of large antennae on your head (SInv).
You are completely covered in large bone plates (AC +4, SH +6).
You are very good at protecting items from fire.
Your flesh is heat resistant.
Your demonic aura causes spilled blood to erupt in flames.
Your magical and physical power is greatly enhanced at high health.
When hurt, damage is shared between your health and your magic reserves.
You regenerate magic rapidly.
When low on magic, you restore magic in place of health.
You are resistant to electric shocks.
Your muscles are strong. (Str +2)
Space occasionally distorts in your vicinity.


Message History

You fly up into the air.
A hobgoblin comes into view. It is wielding a club.
The hobgoblin shouts!
You completely miss the hobgoblin. The hobgoblin barely misses you.
The hobgoblin barely misses you.
You whack the hobgoblin! You freeze the hobgoblin.
You kill the hobgoblin!
There is a staircase leading out of the dungeon here.
Drink which item? (? for menu, Esc to quit)
You feel clever all of a sudden.
Drink which item? (? for menu, Esc to quit)
You feel very mighty all of a sudden.
Drink which item? (? for menu, Esc to quit)
You feel as though your hastened speed will last longer.
Drink which item? (? for menu, Esc to quit)
You feel your intelligence returning.
Drink which item? (? for menu, Esc to quit)
Okay, then.
You can't go down here!
You have escaped!

..# #...#..#### #.#######...# ..#
###.#.......# #.# #.... ..#
#.....##.##.# #(# ##..# ..#
#.#########.###### #..# ..# #.#
#≈≈≈≈♣≈♣≈≈≈≈########..#
..####.####≈.P.....P.≈#.........#
..........#≈PPP...PPP≈####.####.#
(.....##..#♣.P)....P.♣#....####.#
..#........≈....@....≈...#......#
..######.##♣.♣.......♣##.#..#####
.## ####.##≈♣♣♣......≈##.#...##
.# #....##≈.♣.......≈#.......# .#
#.#####≈...♣.♣...≈##>#....# .#
#.# #≈≈≈≈♣.♣≈≈≈≈##.#..#.# .# #.#
######.######.....#.### .# #.#
#.[........#.....#.... .# #.#
##.....##........#####


There were no monsters in sight!

Vanquished Creatures
  the royal jelly (Slime:6)
  3 orbs of fire (Zot:5)
  3 ancient liches
  Saint Roka (Elf:2)
  Norris (Spider:4)
  4 Killer Klowns (Zot:5)
  Mara (Depths:1)
  3 golden dragons
  2 electric golems (Zot:5)
  A Brimstone Fiend (Depths:1)
  2 bone dragons
  10 tentacled monstrosities
  26 Orb Guardians
  4 deep elf blademasters
  A quicksilver dragon (Depths:4)
  3 liches
  3 titans
  2 deep elf master archers (Elf:3)
  5 tentacled starspawn
  20 acid blobs
  2 sphinxes (Depths:3)
  8 storm dragons
  3 thorn hunters
  14 tengu reavers
  Rupert (Lair:5)
  An ancient champion (WizLab)
  7 shadow dragons
  3 draconian monks
  6 fire giants
  9 azure jellies
  4 ghost moths
  Wiglaf (Depths:1)
  2 iron dragons (Depths:5)
  The ghost of inmateoo the Bludgeoner, a mighty GrFi of Gozag (Swamp:1)
  6 deep elf sorcerers
  Maud (Lair:7)
  A black sun (Depths:2)
  12 vault wardens
  3 draconian scorchers
  An orc warlord (Vaults:4)
  8 frost giants
  4 draconian zealots (Zot:1)
  10 emperor scorpions
  4 draconian knights
  2 spriggan defenders (Depths:5)
  10 deep elf demonologists (Elf:3)
  7 draconian annihilators
  An angel (Abyss:3)
  The ghost of braks the Cruncher, a powerful DrGl of Qazlal (Orc:4)
  4 draconian shifters
  23 stone giants
  3 war gargoyles (Vaults:5)
  5 grey draconians
  5 green draconians
  2 draconian callers
  Azrael (Elf:2)
  3 white draconians
  6 purple draconians
  3 pale draconians
  4 yellow draconians
  8 black draconians
  9 red draconians
  4 deep elf annihilators
  A dire elephant (D:15)
  19 ettins
  3 vampire knights
  7 mottled draconians
  11 crystal guardians (Depths:4)
  A minotaur (Depths:3)
  10 death oozes (Slime:6)
  7 fire dragons
  4 deep elf death magi
  16 yaktaur captains
  8 ironheart preservers
  A merfolk impaler (Depths:1)
  27 vault guards
  3 deep elf high priests
  2 jiangshi (Abyss:4)
  11 ice dragons
  9 great orbs of eyes
  18 hydras
  2 dancing weapons (Vaults:5)
  2 ravenous feature mimics
  Nessos (D:13)
  8 death cobs
  6 shambling mangroves
  A ravenous item mimic (Vaults:5)
  2 spriggan air magi
  5 rakshasas
  An anaconda (shapeshifter) (Vaults:5)
  A satyr (shapeshifter) (D:14)
  Fannar (Lair:1)
  11 ogre magi
  Harold (Lair:1)
  7 deep troll earth magi
  An orc high priest (Elf:1)
  2 alligators
  11 large abominations
  3 tengu warriors (D:15)
  3 spriggan berserkers
  7 deep troll shamans
  13 death yaks
  A hell hog (Abyss:3)
  2 shock serpents (shapeshifter)
  13 centaur warriors
  5 thrashing horrors
  Nergalle (Lair:2)
  Urug (D:10)
  Erolcha (D:10)
  29 very ugly things
  15 deep elf knights
  2 wretched stars (Abyss:3)
  2 catoblepae (D:15)
  A titan skeleton (Vaults:5)
  15 orb spiders
  A soul eater (Depths:3)
  8 hell knights
  16 skeletal warriors
  4 iron trolls
  2 shadow wraiths
  2 spatial maelstroms (Abyss:3)
  An unseen horror (shapeshifter) (Vaults:1)
  5 unseen horrors
  A lindwurm (Lair:8)
  3 spectral elves (Elf:3)
  3 giant orange brains
  5 hill giants
  2 storm dragon skeletons (Zot:5)
  10 deep elf summoners
  A spriggan druid (Swamp:3)
  2 flayed ghosts
  5 starcursed masses
  3 golden dragon skeletons
  25 deep trolls
  A swamp dragon (shapeshifter) (Depths:5)
  14 deep elf conjurers
  6 swamp dragons
  3 wizards
  A gelid demonspawn (Depths:3)
  7 necromancers
  14 ironbrand convokers
  6 harpies
  21 orc knights
  2 human zombies
  3 phantasmal warriors
  2 sixfirhies
  11 red wasps
  7 griffons
  2 red wasps (shapeshifter)
  A shining eye (shapeshifter) (Vaults:5)
  4 worldbinders
  2 frost giant zombies
  6 elephants (Lair:8)
  7 shining eyes
  2 salamanders
  30 wolf spiders
  2 draconian zombies
  4 orc sorcerers
  2 octopodes (shapeshifter)
  11 vault sentinels
  21 moths of wrath
  6 cyclopes
  11 small abominations
  4 black mambas
  A fire giant skeleton (Vaults:5)
  2 tormentors
  The ghost of TZer0alt the Martial Artist, an experienced GrTm of Qazlal (D:6)
  2 gargoyles (D:13)
  A dire elephant skeleton (Abyss:3)
  3 smoke demons
  2 efreet
  An orange crystal statue (Depths:4)
  An eye of devastation (Slime:5)
  2 orange demons (Abyss:3)
  A spiny frog (shapeshifter) (Depths:3)
  Psyche (D:13)
  A queen ant (shapeshifter) (Depths:3)
  21 spiny frogs
  54 yaktaurs
  A redback zombie (D:15)
  6 freezing wraiths
  6 kobold demonologists
  2 fire drakes
  3 hellwings
  A feature mimic (Elf:2)
  11 komodo dragons
  13 deep elf priests
  A queen bee (Spider:1)
  5 ancient zymes
  19 demonic crawlers
  A red draconian skeleton (Zot:5)
  19 jumping spiders
  2 guardian mummies (D:12)
  6 trolls
  7 giant leeches
  A red devil (Elf:3)
  Sonja (D:10)
  12 giant fireflies
  A merfolk (D:15)
  A catoblepas zombie (D:12)
  A trapdoor spider zombie (D:13)
  5 raiju (Abyss:3)
  72 slime creatures
  21 two-headed ogres
  8 boulder beetles
  8 brown oozes
  27 blink frogs
  16 ravens
  A tengu simulacrum (Depths:4)
  7 bog bodies
  A formicid (shapeshifter) (Depths:3)
  18 tarantellas
  A boulder beetle (shapeshifter) (Elf:1)
  A stone giant simulacrum (Vaults:3)
  21 trapdoor spiders
  3 ynoxinuls
  A basilisk (shapeshifter) (Depths:1)
  The ghost of vible the Archer, an average CeHu (D:3)
  2 ettin skeletons (Vaults:2)
  4 basilisks
  41 redbacks
  A spriggan (shapeshifter) (Vaults:3)
  10 spriggans
  A wyvern (D:15)
  A flying skull (Abyss:3)
  5 water elementals
  An ice dragon skeleton (Zot:5)
  7 hill giant zombies (WizLab)
  4 shadows
  An elephant slug (Lair:7)
  A hog (shapeshifter) (Depths:3)
  28 deep elf magi
  3 air elementals
  3 wraiths
  A golden eye (shapeshifter) (Depths:1)
  50 vampire mosquitoes
  7 neqoxecs
  Eustachio (D:9)
  14 sharks
  7 vampires
  5 fire elementals
  20 humans (D:14)
  31 deep elf fighters
  A hell beast (Zot:4)
  A hungry ghost (D:8)
  100 ugly things
  3 fire bats (Depths:3)
  A yaktaur simulacrum (Depths:1)
  11 hippogriffs
  3 chaos spawn
  16 wargs
  3 mottled dragons
  2 soldier ants (D:13)
  A warg (shapeshifter) (Depths:3)
  A spatial vortex (Abyss:3)
  Menkaure (D:5)
  A tarantella (shapeshifter) (D:10)
  2 spectral sharks (Depths:1)
  25 swamp worms
  70 orc warriors
  25 water moccasins
  5 porcupines
  A human skeleton (Vaults:2)
  10 swamp drakes
  4 hell hounds (Elf:2)
  6 yellow wasps
  A human simulacrum (Vaults:1)
  4 phantoms
  11 crocodiles
  18 centaurs
  4 sky beasts
  An elf simulacrum (Depths:4)
  5 black bears
  A boring beetle (Spider:4)
  The ghost of haldagan the Ducker, an average FeMo (D:4)
  7 wolves
  15 boggarts
  4 brain worms
  Blork the orc (D:8)
  A brain worm (shapeshifter) (Depths:5)
  35 giant frogs
  2 cyclops zombies
  11 giant slugs
  An ogre simulacrum (Vaults:1)
  20 insubstantial wisps
  3 ice beasts
  19 spiders
  An elf zombie (Vaults:2)
  39 ogres
  15 wights
  9 troll zombies
  8 scorpions
  3 eyes of draining
  2 vampire bats (D:12)
  20 electric eels
  37 killer bees
  A tengu skeleton (D:12)
  26 big fish
  10 crimson imps
  A quasit (D:10)
  3 centaur zombies
  40 yaks
  5 goliath beetles
  10 iguanas
  12 jellies
  8 big kobolds
  A giant frog skeleton (D:11)
  3 spectral big fish (Depths:1)
  31 orc wizards
  10 hounds
  26 sheep
  A boulder beetle simulacrum (Vaults:3)
  7 ogre zombies
  2 hound zombies (D:4)
  4 orange rats
  2 mummies
  A hound skeleton (D:4)
  2 worker ant zombies
  22 adders
  8 gnolls
  2 orc skeletons
  2 orc zombies
  9 worker ants
  A worm zombie (D:4)
  7 shadow imps
  Ijyb (D:4)
  2 giant mites
  8 worms
  27 green rats
  15 white imps
  4 ufetubi (Abyss:3)
  3 oozes
  230 orcs
  17 orc priests
  41 bats
  A bat skeleton (D:5)
  6 giant cockroaches
  52 goblins
  30 hobgoblins
  27 jackals
  9 quokkas
  4 ball pythons
  A giant cockroach zombie (D:4)
  4 giant geckos
  A giant gecko zombie (D:4)
  5 giant newts
  A giant spore (D:11)
  A goblin zombie (D:4)
  A hobgoblin zombie (D:6)
  A jackal skeleton (D:4)
  2 jackal zombies
  41 kobolds
  A kobold skeleton (D:6)
  2 lurking horrors
  33 rats
  A rat skeleton (D:4)
  A rat zombie (D:4)
  4 ballistomycetes (D:11)
  A butterfly (Zot:5)
  5 crawling corpses (Vaults:5)
  A starspawn tentacle (Abyss:4)
  A toadstool (D:1)
3065 creatures vanquished.

Vanquished Creatures (collateral kills)
  A tentacled starspawn (Abyss:4)
  A shadow dragon (Zot:5)
  A very ugly thing (Vaults:4)
  A stone giant skeleton (Vaults:5)
  3 ugly things (Vaults:4)
  A human zombie (Vaults:1)
  An orc priest (Vaults:4)
  An orc wizard (Vaults:4)
  An orc (Vaults:4)
11 creatures vanquished.

Vanquished Creatures (others)
  2 very ugly thing zombies
  A stone giant zombie (Vaults:4)
  A centaur zombie (Vaults:4)
  2 water elementals
  2 air elementals (Slime:6)
  2 fire elementals
  An ugly thing zombie (Vaults:4)
  A neqoxec (Elf:3)
  7 orc zombies (Vaults:4)
  4 ufetubi (Zot:5)
  6 butterflies (Zot:5)
  16 fungi
  14 plants
  18 starspawn tentacles
  54 starspawn tentacle segments
  4 toadstools (D:1)
135 creatures vanquished.

Grand Total: 3211 creatures vanquished

Notes
Turn   | Place    | Note
--------------------------------------------------------------
     0 | D:1      | E1999, the Demonspawn Ice Elementalist, began the quest for the Orb.
     0 | D:1      | Reached XP level 1. HP: 13/13 MP: 3/3
   196 | D:1      | Reached skill level 3 in Ice Magic
   231 | D:1      | Gained mutation: You are partially covered in large bone plates (AC +2, SH +2). [demonic ancestry]
   231 | D:1      | Reached XP level 2. HP: 16/19 MP: 4/4
   872 | D:2      | Reached skill level 1 in Shields
   872 | D:2      | Reached XP level 3. HP: 22/24 MP: 6/6
   902 | D:2      | Learned a level 3 spell: Ozocubu's Armour
  1275 | D:2      | Learned a level 2 spell: Throw Frost
  1834 | D:2      | Found a glowing golden altar of the Shining One.
  1925 | D:3      | Reached skill level 4 in Ice Magic
  1971 | D:3      | Found a shattered altar of Ashenzari.
  2051 | D:3      | Noticed vible's ghost (average CeHu)
  2266 | D:2      | Gained mutation: When hurt, damage is shared between your health and your magic reserves. [demonic ancestry]
  2266 | D:2      | Reached XP level 4. HP: 22/30 MP: 3/7
  2547 | D:3      | Became a worshipper of Ashenzari the Shackled
  3066 | D:3      | Killed vible's ghost
  3066 | D:3      | Reached skill level 6 in Ice Magic
  3066 | D:3      | Gained mutation: You have a pair of small antennae on your head. [demonic ancestry]
  3066 | D:3      | Reached XP level 5. HP: 25/35 MP: 5/9
  3144 | D:3      | Gained mutation: You regenerate magic rapidly. [demonic ancestry]
  3144 | D:3      | Reached XP level 6. HP: 41/41 MP: 10/10
  3657 | D:4      | Reached skill level 7 in Ice Magic
  3739 | D:4      | Reached skill level 1 in Armour
  3739 | D:4      | Gained mutation: You have a pair of antennae on your head. [demonic ancestry]
  3739 | D:4      | Reached XP level 7. HP: 42/46 MP: 12/12
  3762 | D:4      | Noticed haldagan's ghost (average FeMo)
  3992 | D:4      | Noticed Ijyb
  4026 | D:4      | Killed Ijyb
  4468 | D:5      | Entered Level 5 of the Dungeon
  5135 | D:5      | Found Miang's Book Shop.
  5231 | D:5      | Noticed Menkaure
  5241 | D:5      | Killed Menkaure
  5616 | D:6      | Gained mutation: You are mostly covered in large bone plates (AC +3, SH +4). [demonic ancestry]
  5616 | D:6      | Reached XP level 8. HP: 52/52 MP: 13/13
  5652 | D:6      | Found a deep blue altar of Sif Muna.
  5821 | D:6      | Found a deep blue altar of Sif Muna.
  5821 | D:6      | Found a burning altar of Makhleb.
  5822 | D:6      | Found a stormy altar of Qazlal.
  5922 | D:6      | Acquired Ashenzari's first power
  5949 | D:6      | Reached skill level 5 in Conjurations
  5964 | D:6      | Learned a level 4 spell: Throw Icicle
  6088 | D:6      | Found a blossoming altar of Fedhas.
  6138 | D:6      | Noticed an oklob plant
  6208 | D:6      | Noticed TZer0alt's ghost (experienced GrTm)
  6242 | D:6      | Killed TZer0alt's ghost
  6281 | D:6      | Reached skill level 8 in Conjurations
  6579 | D:6      | Gained mutation: You are very good at protecting items from fire. [demonic ancestry]
  6579 | D:6      | Reached XP level 9. HP: 57/57 MP: 4/14
  6916 | D:7      | Found a staircase to the Ecumenical Temple.
  7461 | D:7      | Reached skill level 9 in Conjurations
  7840 | D:8      | Noticed Blork the orc
  7844 | D:8      | Killed Blork the orc
  7854 | D:8      | Acquired Ashenzari's second power
  8154 | D:9      | Found a staircase to the Orcish Mines.
  8198 | D:8      | Reached skill level 10 in Conjurations
  8342 | D:9      | Noticed Eustachio
  8353 | D:9      | Killed Eustachio
  8353 | D:9      | Reached skill level 1 in Fighting
  8364 | D:9      | Reached XP level 10. HP: 57/66 MP: 0/16
  8751 | D:10     | Entered Level 10 of the Dungeon
  8758 | D:10     | Found Thual's Gadget Shop.
  8925 | D:10     | Noticed a death drake
  8927 | D:10     | a death drake changed into a shapeshifter
  8927 | D:10     | Noticed an orb spider
  8927 | D:10     | a shapeshifter changed into an orb spider
  8928 | D:10     | an orb spider changed into a shapeshifter
  9019 | D:10     | Noticed Urug
  9028 | D:10     | Killed Urug
  9040 | D:10     | Noticed Sonja
  9052 | D:10     | Killed Sonja
  9052 | D:10     | Reached skill level 5 in Fighting
  9126 | D:10     | Noticed Erolcha
  9172 | D:10     | Reached skill level 5 in Dodging
  9362 | D:10     | Found a staircase to the Lair.
  9451 | Lair:1   | Entered Level 1 of the Lair of Beasts
  9571 | Lair:1   | Noticed Harold
  9584 | Lair:1   | Killed Harold
  9843 | Lair:1   | Noticed Fannar
  9906 | Lair:1   | Reached XP level 11. HP: 81/81 MP: 17/17
 10082 | Lair:2   | Noticed Nergalle
 10148 | Lair:1   | Noticed a black mamba
 10150 | Lair:1   | Killed a black mamba
 10585 | Lair:2   | Acquired Ashenzari's third power
 10778 | Lair:2   | Killed Nergalle
 11732 | Lair:3   | Noticed a death yak
 11733 | Lair:3   | Noticed a death yak
 11735 | Lair:3   | Noticed a death yak
 11786 | Lair:3   | Killed a death yak
 11786 | Lair:3   | Reached skill level 10 in Dodging
 11838 | Lair:3   | Found a staircase to the Swamp.
 12095 | Lair:3   | Noticed a six-headed hydra
 12167 | Lair:3   | Killed a six-headed hydra
 12167 | Lair:3   | Gained mutation: You are completely covered in large bone plates (AC +4, SH +6). [demonic ancestry]
 12167 | Lair:3   | Reached XP level 12. HP: 82/87 MP: 1/18
 12440 | Lair:3   | Noticed a death yak
 12443 | Lair:3   | Noticed a death yak
 12580 | Lair:3   | Noticed a death yak
 12624 | Lair:2   | Killed a death yak
 12624 | Lair:2   | Reached skill level 11 in Dodging
 12850 | Lair:4   | Noticed a five-headed hydra
 12860 | Lair:4   | Killed a five-headed hydra
 13789 | Lair:4   | Reached skill level 5 in Spellcasting
 14342 | Lair:5   | Acquired Ashenzari's fourth power
 14361 | Lair:5   | Found a hole to the Spider Nest.
 14946 | Lair:6   | Learned a level 3 spell: Flight
 15806 | Lair:7   | Noticed Maud
 15846 | Lair:7   | Reached skill level 12 in Dodging
 16165 | Lair:8   | Entered Level 8 of the Lair of Beasts
 16243 | Lair:8   | Gained mutation: You have a pair of large antennae on your head (SInv). [demonic ancestry]
 16243 | Lair:8   | Reached XP level 13. HP: 82/96 MP: 19/28
 16775 | Lair:8   | Noticed mehrheit's ghost (powerful SpEn)
 16965 | Lair:8   | Reached skill level 10 in Fighting
 17095 | Lair:8   | Found a snail-covered altar of Cheibriados.
 17166 | Lair:8   | Reached skill level 5 in Maces & Flails
 18092 | D:5      | Bought a book of Ice for 780 gold pieces
 18101 | D:5      | Learned a level 6 spell: Freezing Cloud
 18108 | D:5      | Learned a level 6 spell: Bolt of Cold
 18317 | D:11     | Found a basalt altar of Yredelemnul.
 18388 | D:11     | Reached skill level 1 in Air Magic
 18729 | D:11     | Found Baesavo's Magic Scroll Shop.
 18755 | D:11     | Bought a scroll of remove curse for 42 gold pieces
 18755 | D:11     | Bought a scroll of remove curse for 42 gold pieces
 19600 | D:12     | oh
 19600 | D:12     | cyan is elec
 19600 | D:12     | kill me
 19600 | D:12     | yolo
 19782 | D:12     | Reached XP level 14. HP: 73/110 MP: 29/29
 19859 | D:12     | Found a portal to a secret trove of treasure.
 20838 | Orc:1    | Entered Level 1 of the Orcish Mines
 22296 | Orc:3    | Found an iron altar of Okawaru.
 22509 | Orc:4    | Entered Level 4 of the Orcish Mines
 23054 | Orc:4    | Reached skill level 5 in Air Magic
 23215 | Orc:4    | Found Otympefa's General Store.
 23215 | Orc:4    | Found Volaozig's Assorted Antiques.
 23236 | Orc:4    | Bought a scroll of remove curse for 75 gold pieces
 23246 | Orc:4    | Bought a scroll of identify for 26 gold pieces
 23246 | Orc:4    | Bought a potion of curing for 26 gold pieces
 23344 | Orc:4    | Noticed braks' ghost (powerful DrGl)
 23518 | Orc:4    | Found a staircase to the Elven Halls.
 23972 | Orc:4    | Found Pido's Antique Armour Shoppe.
 23972 | Orc:4    | Found Wusmeorargh's Jewellery Shop.
 24027 | Orc:4    | Bought a smoking leather armour for 245 gold pieces
 24037 | Orc:4    | Identified the +1 leather armour of Indomitability {+Fly Acc+4} (You bought it in a shop on level 4 of the Orcish Mines)
 24328 | D:5      | Bought a book of Envenomations for 1080 gold pieces
 24545 | D:12     | You paid a toll of a book of Envenomations to enter a treasure trove
 24546 | Trove    | Entered a treasure trove
 24549 | Trove    | Identified the ring of Ghetaror {SustAb Str+2 Int+5}
 24549 | Trove    | Identified the cursed ring of the Evening {Contam +Rage rC+ rN+ SInv Stlth++}
 24549 | Trove    | Identified the ring "Gelyi" {AC+5 Dex+2 Int+4}
 24549 | Trove    | Identified the cursed ring of Dithmenos' Envy {Str+3 Int+2 Regen}
 24879 | D:13     | Reached skill level 10 in Ice Magic
 24889 | D:13     | Noticed Nessos
 24895 | D:13     | Killed Nessos
 24928 | D:13     | Found a flagged portal.
 24961 | Bailey   | Entered a bailey
 25949 | D:14     | Found a gate to the Vaults.
 26227 | D:14     | Reached XP level 15. HP: 47/115 MP: 6/29
 26781 | D:14     | Identified a scroll of acquirement
 27314 | D:15     | Entered Level 15 of the Dungeon
 27442 | D:15     | Found an iron altar of Okawaru.
 27509 | D:15     | Identified the ring of Tiress {Fire rN+}
 27875 | D:15     | Found a white marble altar of Elyvilon.
 27969 | D:15     | Found a staircase to the Depths.
 28567 | Lair:1   | Killed Fannar
 28700 | Swamp:1  | Entered Level 1 of the Swamp
 28742 | Swamp:1  | Found a frozen archway.
 29099 | Swamp:1  | Noticed inmateoo's ghost (mighty GrFi)
 29129 | Swamp:1  | Killed inmateoo's ghost
 29721 | Swamp:2  | Identified the +6,+5 mace "Secret Weapon" {crush, SInv}
 29819 | Swamp:2  | Paralysed by a red wasp for 3 turns
 29824 | Swamp:2  | Paralysed by a red wasp for 3 turns
 30003 | Swamp:3  | Noticed a thorn hunter
 30009 | Swamp:3  | Killed a thorn hunter
 30009 | Swamp:3  | Reached XP level 16. HP: 123/125 MP: 3/30
 30690 | Swamp:3  | Identified the cursed +3,+0 halberd "Cruroef" {freeze, rC+ Dex+4}
 30690 | Swamp:3  | Identified the cursed -2,+1 mace of Crystal {antimagic, Str-2} (You found it on level 15 of the Dungeon)
 31126 | Swamp:4  | Noticed Louise
 31385 | Swamp:4  | Noticed Aizul
 31463 | Swamp:5  | Entered Level 5 of the Swamp
 31570 | Swamp:5  | Reached skill level 13 in Fighting
 31970 | Swamp:5  | Got a decaying rune of Zot
 32333 | Lair:3   | Killed a death yak
 32336 | Lair:3   | Killed a death yak
 32341 | Lair:3   | Killed a death yak
 32347 | Lair:3   | Killed a death yak
 32370 | Lair:3   | Identified the +2 leather armour "Pnylliosh" {Int+4}
 32370 | Lair:3   | Identified the +9 plate armour of the Sailor {Str-3 SInv} (You found it on level 2 of the Lair of Beasts)
 32485 | Lair:2   | Identified the +9 plate armour of the Sailor {Str-3 SInv} (You found it on level 2 of the Lair of Beasts)
 32585 | D:10     | Killed Erolcha
 32809 | D:14     | Identified the cursed +3,+0 halberd "Cruroef" {freeze, rC+ Dex+4}
 32836 | D:13     | Reached skill level 10 in Spellcasting
 33068 | D:13     | Noticed Psyche
 33078 | D:13     | Killed Psyche
 33209 | Vaults:1 | Entered Level 1 of the Vaults
 33298 | Vaults:1 | Reached XP level 17. HP: 108/137 MP: 11/34
 35582 | Vaults:2 | Found Inuudoam's Assorted Antiques.
 35845 | Vaults:1 | Upgraded the game from 0.15-a0-970-ga23ad50 to 0.15-a0-995-gc8af7eb
 36223 | D:5      | Bought Zotam's Reference Book on Good Luck for 499 gold pieces
 36234 | D:5      | Learned a level 2 spell: Repel Missiles
 36239 | D:5      | Learned a level 4 spell: Control Teleport
 36244 | D:5      | Learned a level 4 spell: Animate Dead
 36252 | D:5      | Learned a level 6 spell: Haste
 36612 | Spider:1 | Entered Level 1 of the Spider Nest
 36612 | Spider:1 | Noticed Rupert
 36621 | Lair:5   | Killed Rupert
 36705 | Spider:1 | Reached skill level 14 in Spellcasting
 36878 | Spider:1 | Learned a level 2 spell: Cure Poison
 37112 | Spider:1 | Reached skill level 1 in Charms
 37617 | Spider:2 | Gained mutation: Your magical and physical power is slightly enhanced at high health. [demonic ancestry]
 37617 | Spider:2 | Reached XP level 18. HP: 113/143 MP: 4/38
 37812 | Spider:3 | Reached skill level 5 in Charms
 38357 | Spider:4 | Noticed Norris
 38395 | Spider:4 | Killed Norris
 39073 | Spider:5 | Entered Level 5 of the Spider Nest
 39760 | Spider:5 | Reached skill level 10 in Charms
 40205 | Spider:5 | Got a gossamer rune of Zot
 40742 | D:5      | Bought a book of Spatial Translocations for 780 gold pieces
 40748 | D:5      | Learned a level 1 spell: Apportation
 40751 | D:5      | Learned a level 2 spell: Blink
 41147 | Vaults:2 | Reached skill level 1 in Evocations
 41177 | Vaults:2 | Reached skill level 1 in Translocations
 41263 | Vaults:2 | Found a staircase to the Crypt.
 41263 | Vaults:2 | Found a basalt altar of Yredelemnul.
 41263 | Vaults:2 | Found an ancient bone altar of Kikubaaqudgha.
 42218 | Vaults:2 | Gained mutation: When low on magic, you restore magic in place of health. [demonic ancestry]
 42218 | Vaults:2 | Reached XP level 19. HP: 142/152 MP: 37/39
 42819 | Vaults:3 | Reached skill level 15 in Fighting
 42851 | Vaults:3 | ....
 43949 | Vaults:4 | Reached skill level 16 in Fighting
 43988 | Vaults:4 | Found a staircase to the Hall of Blades.
 44015 | Vaults:4 | Reached skill level 1 in Necromancy
 44661 | Vaults:4 | Reached skill level 5 in Necromancy
 44754 | Vaults:4 | Gained mutation: Your muscles are strong. (Str +2) [potion of beneficial mutation]
 44806 | Vaults:4 | Noticed Jorgrun
 45328 | D:15     | Identified the cursed -2,+1 mace of Crystal {antimagic, Str-2} (You found it on level 15 of the Dungeon)
 45345 | Depths:1 | Entered Level 1 of the Depths
 45345 | Depths:1 | Found a gateway to Hell.
 45435 | Depths:1 | Found a corrupted altar of Lugonu.
 45569 | Depths:1 | Noticed Mara
 45575 | Depths:1 | Noticed E1999's illusion
 45580 | Depths:1 | Killed Mara
 45647 | Depths:1 | Found a magical portal.
 45658 | WizLab   | Entered Zonguldrok's Shrine
 46119 | WizLab   | Noticed an antique lich
 46482 | Depths:1 | Reached XP level 20. HP: 119/164 MP: 28/39
 46521 | Depths:1 | Noticed Wiglaf
 46715 | Depths:1 | Killed Wiglaf
 46978 | Depths:2 | Reached skill level 15 in Spellcasting
 47480 | Depths:2 | Learned a level 7 spell: Orb of Destruction
 48363 | Depths:3 | Found a one-way gate leading to the halls of Pandemonium.
 48585 | Depths:3 | Noticed a golden dragon
 48601 | Depths:3 | Reached skill level 17 in Spellcasting
 48644 | Depths:3 | Killed a golden dragon
 48716 | Depths:3 | Identified the Disquisition on Enchantment (You found it on level 3 of the Depths)
 49067 | Depths:3 | Gained mutation: Your flesh is heat resistant. [demonic ancestry]
 49067 | Depths:3 | Reached XP level 21. HP: 171/171 MP: 28/42
 49235 | Depths:4 | Found a one-way gate to the infinite horrors of the Abyss.
 49396 | Depths:4 | the one-way gate leading to the halls of Pandemonium was a mimic.
 49645 | Depths:4 | Reached skill level 18 in Spellcasting
 50009 | Depths:4 | Found a deep blue altar of Sif Muna.
 50016 | Depths:4 | Identified the ring "Uqyjier" {MP+9 Str+3}
 50111 | Depths:4 | Identified the ring of Symmetry {rPois EV+2}
 50354 | Depths:4 | Paralysed by a lich for 3 turns
 50891 | Depths:4 | Found a gateway to a ziggurat.
 50968 | Depths:4 | fuck off
 50993 | Depths:5 | Entered Level 5 of the Depths
 51141 | Depths:5 | fucking depths man
 51141 | Depths:5 | ugh
 51302 | Depths:5 | NOOOOO WEBTILES
 51724 | Depths:5 | Reached skill level 15 in Conjurations
 51816 | Depths:5 | Found a gate to the Realm of Zot.
 53139 | Vaults:5 | Entered Level 5 of the Vaults
 53157 | Vaults:5 | WHERE IS THIS FUCKING TP
 53170 | Vaults:5 | metal gear solid apparently
 53403 | Vaults:5 | Gained mutation: Your magical and physical power is enhanced at high health. [demonic ancestry]
 53403 | Vaults:5 | Reached XP level 22. HP: 105/178 MP: 13/43
 54955 | Vaults:5 | really wish i had regen right now
 55205 | Vaults:5 | fuck me
 55560 | Vaults:5 | Gained mutation: You are resistant to electric shocks. [potion of beneficial mutation]
 55561 | Vaults:5 | nice
 55801 | Vaults:5 | Identified the +7,+8 shortbow of Paper {frost, -Tele Dex+2 Stlth+} (You took it off an orc on level 5 of the Vaults)
 56190 | Vaults:5 | Noticed an ancient lich
 56190 | Vaults:5 | yep
 56200 | Vaults:5 | Killed an ancient lich
 56200 | Vaults:5 | Reached skill level 19 in Fighting
 56226 | Vaults:5 | Gained mutation: Your demonic aura causes spilled blood to erupt in flames. [demonic ancestry]
 56226 | Vaults:5 | Reached XP level 23. HP: 141/194 MP: 21/43
 56282 | Vaults:5 | Got a silver rune of Zot
 56367 | Vaults:5 | Identified the Papyrus of the Entourage
 56373 | Vaults:5 | Learned a level 1 spell: Summon Butterflies
 57027 | Orc:4    | Killed braks' ghost
 57036 | Elf:1    | Entered Level 1 of the Elven Halls
 58061 | Elf:2    | Noticed Azrael
 58061 | Elf:2    | Killed Azrael
 58116 | Elf:2    | Noticed Saint Roka
 58143 | Elf:2    | Killed Saint Roka
 58401 | Elf:2    | Found a radiant altar of Vehumet.
 58420 | Elf:3    | Entered Level 3 of the Elven Halls
 59199 | Elf:3    | Identified the cursed -6 chain mail of the Alphagorgon {MR+ Dex+2}
 59200 | Elf:3    | Identified the cursed ring "Ykhlygofa" {Str+4 Int+5 Acc-3 Dam-2} (You took it off a deep elf annihilator on level 3 of the Elven Halls)
 59209 | Elf:3    | Identified the +3 ring mail of the Buccaneer {+Blink rN+ Str+3 Dex+3} (You took it off a deep elf master archer on level 3 of the Elven Halls)
 59213 | Elf:3    | Identified the +0 ring mail of the Nexus {rF+ Str+1 Dam+4}
 59242 | Elf:3    | Identified the +1 scale mail "Alaps" {rN+ Int+2}
 59263 | Elf:3    | Identified the cursed -4 naga barding of Xintareg {rC+} (You found it on level 3 of the Elven Halls)
 59272 | Elf:3    | Cast into the Abyss (deep elf demonologist)
 59356 | Elf:3    | Escaped the Abyss
 59373 | Elf:3    | Identified the Volume of Harmful Poisoning (You found it on level 3 of the Elven Halls)
 59465 | Elf:3    | Identified the cursed ring of the Burgomaster {Str+5 Int-2 Acc+5}
 59500 | Elf:3    | Reached skill level 15 in Ice Magic
 59505 | Elf:3    | Identified the cursed ring "Plafof" {Dex+3 Int-2}
 59505 | Elf:3    | Identified the +12 plate armour "Feng" {+Blink rF+}
 59505 | Elf:3    | Identified the cursed +8,+11 mace "Kuutwofi" {vamp, rN+}
 59505 | Elf:3    | Identified the amulet of Meixynys {Spirit rC+}
 59542 | Elf:3    | Identified the Reference Book on Clay (You found it on level 3 of the Elven Halls)
 59553 | Elf:3    | Identified the Reference Book on Boosts and the Frostbite
 60095 | Depths:4 | Voluntarily entered the Abyss.
 60126 | Abyss:2  | Found a corrupted altar of Lugonu.
 60131 | Abyss:2  | Found a corrupted altar of Lugonu.
 60369 | Abyss:3  | Found a corrupted altar of Lugonu.
 60678 | Abyss:3  | Noticed an ancient lich
 61653 | Abyss:3  | Found a corrupted altar of Lugonu.
 61821 | Abyss:4  | Found a corrupted altar of Lugonu.
 62219 | Abyss:4  | Gained mutation: Your magical and physical power is greatly enhanced at high health. [demonic ancestry]
 62219 | Abyss:4  | Reached XP level 24. HP: 101/201 MP: 9/44
 62261 | Abyss:4  | Got an abyssal rune of Zot
 62507 | Abyss:4  | Found a corrupted altar of Lugonu.
 62529 | Depths:4 | Escaped the Abyss
 62748 | Zot:1    | Entered Level 1 of the Realm of Zot
 64437 | Zot:2    | Upgraded the game from 0.15-a0-995-gc8af7eb to 0.15-a0-1004-gbf4e2e6
 65223 | Zot:1    | Reached skill level 20 in Conjurations
 65242 | Zot:1    | Identified a +0 cloak of preservation (You took it off a draconian zealot on level 1 of the Realm of Zot)
 65752 | Lair:6   | Noticed a four-headed hydra
 65759 | Lair:6   | Killed a four-headed hydra
 65782 | Lair:7   | Killed Maud
 65867 | Lair:7   | Found a staircase to the Slime Pits.
 65867 | Lair:7   | Found a viscous altar of Jiyva.
 65912 | Slime:1  | Entered Level 1 of the Pits of Slime
 66082 | Slime:6  | Entered Level 6 of the Pits of Slime
 66145 | Slime:6  | Reached skill level 10 in Maces & Flails
 66460 | Slime:6  | Noticed the royal jelly
 66541 | Slime:6  | Killed the royal jelly
 66542 | Slime:6  | Identified the ring of the Thirteen Planets {rF+ rC- Dam-2}
 66856 | Slime:6  | Identified the cursed -5 troll leather armour of the Locust {Stlth+}
 66859 | Slime:6  | Identified the +3,+1 dagger of Sepech {holy, +Rage rElec Int-4}
 66859 | Slime:6  | Identified the ring of Satyriasis {rElec MR+}
 66946 | Slime:6  | Reached XP level 25. HP: 154/210 MP: 21/44
 66955 | Slime:6  | Got a slimy rune of Zot
 67076 | Slime:6  | Identified the Catalogue of Hedonism
 68719 | Zot:5    | Entered Level 5 of the Realm of Zot
 69333 | Zot:5    | Identified the +1 pair of gloves "Zosot" {rC+}
 69558 | Zot:5    | HP: 3/210 [Orb Guardian (18)]
 69564 | Zot:5    | wtf
 69757 | Zot:5    | Reached skill level 15 in Dodging
 70261 | Zot:5    | Noticed an ancient lich
 70297 | Zot:5    | Killed an ancient lich
 70469 | Zot:5    | Noticed an orb of fire
 70575 | Zot:5    | Noticed an orb of fire
 70585 | Zot:5    | Killed an orb of fire
 70585 | Zot:5    | Reached XP level 26. HP: 198/218 MP: 11/45
 70605 | Zot:5    | Killed an orb of fire
 70667 | Zot:5    | man fuck zot 5
 70924 | Zot:5    | Noticed an ancient lich
 70936 | Zot:5    | Killed an ancient lich
 71035 | Zot:5    | Noticed an orb of fire
 71062 | Zot:5    | Killed an orb of fire
 71402 | Zot:5    | Got the Orb of Zot
 71414 | Zot:5    | Noticed Yta Muat the pandemonium lord
 71904 | Depths:1 | Gained mutation: Space occasionally distorts in your vicinity. [a neqoxec]
 72146 | D:7      | Noticed Jyngont the pandemonium lord
 72240 | D:4      | Killed haldagan's ghost
 72279 | D:2      | Noticed Cisois the pandemonium lord
 72319 | D:$      | Escaped with the Orb!

Action                   |  1- 3 |  4- 6 |  7- 9 | 10-12 | 13-15 | 16-18 | 19-21 | 22-24 | 25-27 || total
-------------------------+-------+-------+-------+-------+-------+-------+-------+-------+-------++-------
Melee: Whip              |   141 |   255 |   881 |  1155 |       |       |       |       |       ||  2432
       Unarmed           |     4 |       |       |       |       |       |       |       |       ||     4
       Morningstar       |       |       |       |    42 |  2258 |  1569 |   731 |       |       ||  4600
       Demon whip        |       |       |       |       |       |       |   187 |   926 |   484 ||  1597
 Cast: Freeze            |    28 |    27 |    99 |   255 |   127 |    17 |       |       |       ||   553
       Ozocubu's Armour  |       |     4 |    17 |    36 |    51 |    43 |    34 |    29 |    24 ||   238
       Throw Frost       |       |       |    16 |     3 |     5 |       |       |       |       ||    24
       Throw Icicle      |       |       |    16 |   195 |   243 |   205 |   396 |   603 |   211 ||  1869
       Flight            |       |       |       |     1 |     2 |     4 |     1 |     7 |     1 ||    16
       Freezing Cloud    |       |       |       |       |    31 |    98 |    78 |    76 |    12 ||   295
       Bolt of Cold      |       |       |       |       |    54 |    73 |    79 |   121 |    42 ||   369
       Repel Missiles    |       |       |       |       |       |     1 |     3 |     3 |       ||     7
       Haste             |       |       |       |       |       |     6 |    18 |    17 |     7 ||    48
       Animate Dead      |       |       |       |       |       |       |     6 |       |       ||     6
       Orb of Destructio |       |       |       |       |       |       |    50 |    48 |    31 ||   129
       Blink             |       |       |       |       |       |       |     5 |     5 |       ||    10
       Control Teleport  |       |       |       |       |       |       |     1 |     1 |       ||     2
       Summon Butterflie |       |       |       |       |       |       |       |       |     2 ||     2
       Apportation       |       |       |       |       |       |       |       |       |     1 ||     1
Invok: Scrying           |       |       |       |       |     1 |       |       |       |       ||     1
Evoke: Wand              |       |       |     3 |    26 |     7 |    10 |    11 |    28 |    25 ||   110
       Lamp of fire      |       |       |       |       |       |     1 |     2 |     3 |     2 ||     8
       Fan of gales      |       |       |       |       |       |     1 |       |     1 |       ||     2
       Phial of floods   |       |       |       |       |       |       |       |     2 |     2 ||     4
  Use: Scroll            |       |    15 |     9 |    19 |    24 |    14 |    21 |    19 |    19 ||   140
       Potion            |       |       |       |     5 |     6 |     5 |     5 |    22 |    12 ||    55
 Stab: Sleeping          |     6 |       |     2 |     2 |     5 |     5 |     4 |     6 |     6 ||    36
       Distracted        |       |       |       |       |     1 |       |     2 |     1 |     1 ||     5
